Map: Acid Plant LE

Players

Harstem - Winner!

  • Race: Protoss Protoss
  • League: Master
  • Spawn Location: 11:00

RiSky

  • Race: Zerg Zerg
  • League: Master
  • Spawn Location: 5:00

Event: HomeStory Cup XVII

VOD

Have the link to the VOD?

Description

Time

  • Played on: June 28, 2018, 9:53 a.m.
  • Length: 14:29

All games in this series

Show
View Real Time Build Order
Export as new Build Order

Harstem Protoss - Winner!

Build Orders: 1 Gate Expand, Oracle Opening, Phoenix Opening, Archon Immortal, Zealot Archon, Archon Drop 

Get SALT Encoding   

  12  0:01  Probe  
  13  0:13  Probe  
  14  0:18  Pylon  
  14  0:25  Probe  
  15  0:33  Probe  
  15  0:41  Probe  
  16  0:43  Gateway  
  17  0:50  Assimilator  
  17  0:51  Probe  
  18  1:04  Probe  
  19  1:16  Probe  
  20  1:25  Nexus  
  20  1:35  Cybernetics Core  
  20  1:38  Probe  
  21  1:45  Assimilator  
  21  1:50  Probe  
  21  1:54  Pylon  
  22  2:02  Probe  
  22  2:03  Adept  
  23  2:15  Probe  
  26  2:17  Stargate  
  26  2:27  Probe  
  26  2:29  Adept  
  27  2:32  Warp Gate  
  27  2:33  Probe  
  29  2:39  Probe  
  29  2:41  Probe  
  31  2:50  Oracle  
  31  2:51  Probe x2  
  34  3:03  Probe x2  
  39  3:08  Pylon  
  39  3:15  Probe x2  
  39  3:18  Phoenix  
  43  3:27  Probe x2  
  43  3:34  Assimilator  
  45  3:38  Assimilator, Robotics Facility  
  45  3:39  Probe x2  
  47  3:50  Pylon  
  47  3:51  Probe x2  
  49  3:59  Twilight Council  
  49  4:03  Probe  
  49  4:04  Probe  
  51  4:13  Gateway  
  51  4:15  Warp Prism  
  51  4:16  Gateway, Probe  
  51  4:17  Gateway  
  53  4:22  Probe, Pylon  
  55  4:34  Forge  
  55  4:37  Zealot  
  57  4:48  Nexus  
  57  4:53  Templar Archives  
  57  4:56  Pylon  
  57  4:58  Probe  
  58  5:00  Probe  
  59  5:08  Protoss Ground Weapons Level 1  
  59  5:11  Immortal, Probe  
  60  5:17  Probe  
  65  5:23  Probe  
  65  5:25  Pylon  
  66  5:29  Probe  
  66  5:32  High Templar x3  
  73  5:36  High Templar  
  73  5:37  Probe  
  73  5:42  Archon x2  
  76  5:43  Gateway x2, Probe  
  76  5:45  Immortal  
  76  5:49  Probe  
  78  5:53  Pylon  
  79  6:00  Charge  
  79  6:01  Probe  
  83  6:05  Zealot x2  
  83  6:09  Sentry  
  83  6:11  Zealot  
  91  6:12  Immortal  
  85  6:32  Zealot  
  81  6:35  Zealot x3  
  83  6:40  Zealot x2  
  81  6:53  Zealot  
  77  6:54  Probe  
  77  6:56  Zealot x3  
  77  6:58  Void Ray  
  85  7:03  Protoss Ground Weapons Level 2  
  85  7:04  Zealot x2  
  85  7:06  Probe  
  85  7:07  Probe x2  
  80  7:17  Zealot x4  
  80  7:18  Probe  
  80  7:19  Probe  
  80  7:21  Probe  
  87  7:30  Probe  
  87  7:32  Zealot x2  
  87  7:35  Probe  
  87  7:39  Zealot x3  
  91  7:45  Zealot  
  91  7:46  Probe  
  91  7:50  Probe  
  89  7:52  Robotics Facility  
  89  7:54  Zealot  
  86  7:59  Zealot x2  
  88  8:06  Assimilator  
  88  8:12  Assimilator  
  88  8:14  Zealot  
  88  8:15  High Templar  
  88  8:16  High Templar, Zealot  
  88  8:18  Gateway  
  96  8:20  Pylon  
  96  8:21  Archon  
  96  8:27  Zealot x2  
  100  8:38  Pylon  
  100  8:39  Photon Cannon, High Templar  
  100  8:41  Gateway  
  102  8:42  Shield Battery  
  102  8:43  Pylon  
  102  8:45  High Templar  
  106  8:50  Shield Battery, Pylon  
  106  8:54  Archon  
  104  8:59  Sentry, Zealot x3  
  109  9:04  Immortal  
  109  9:05  Probe  
  109  9:16  Robotics Facility, Zealot  
  115  9:18  Zealot  
  115  9:24  Zealot x4  
  125  9:27  Protoss Ground Weapons Level 3  
  125  9:29  Zealot  
  124  9:35  Psionic Storm  
  124  9:36  Immortal  
  124  9:38  Zealot x2  
  116  9:40  Probe  
  116  9:44  Probe  
  112  9:55  Immortal, High Templar x4  
  120  10:07  Sentry, Zealot  
  126  10:14  Zealot  
  130  10:18  Zealot  
  130  10:19  Immortal  
  116  10:33  Zealot x5  
  120  10:40  Sentry x2  
  120  10:41  Zealot  
  119  10:49  Immortal  
  109  10:52  Immortal  
  99  10:59  Zealot x2  
  107  11:07  High Templar x4  
  107  11:08  Zealot x2  
  119  11:13  Archon x2  
  119  11:16  Oracle  
  122  11:21  Photon Cannon  
  122  11:24  Pylon  
  122  11:26  Observer  
  122  11:31  Zealot x4  
  129  11:42  Dark Shrine  
  129  11:44  Zealot x3  
  135  11:51  Observer  
  132  12:01  High Templar  
  132  12:02  High Templar  
  132  12:05  High Templar x2  
  140  12:10  Nexus  
  140  12:11  Archon  
  138  12:19  Zealot  
  138  12:20  Zealot x3  
  144  12:24  Immortal  
  148  12:31  Pylon  
  147  12:39  Zealot x2  
  147  12:43  Phoenix  
  141  12:45  Probe  
  141  12:46  Zealot x3  
  141  12:47  Pylon  
  148  12:55  Shield Battery  
  150  12:58  Stalker  
  150  13:04  Phoenix  
  144  13:07  Dark Templar x2  
  127  13:27  Phoenix  
  127  13:33  Stalker x3  
  124  13:45  Probe  
  124  13:46  Probe  
  119  13:55  High Templar x3  
  119  13:56  High Templar  
  110  14:20  Zealot x3  
Show
View Real Time Build Order
Export as new Build Order

RiSky Zerg 

Build Orders: Hatch First 

Get SALT Encoding   

  12  0:00  Drone  
  13  0:12  Overlord  
  13  0:16  Drone  
  14  0:30  Drone x2  
  14  0:34  Drone  
  17  0:51  Hatchery  
  17  0:54  Drone  
  17  0:58  Drone  
  18  1:07  Extractor  
  17  1:13  Spawning Pool  
  17  1:15  Drone  
  17  1:18  Drone  
  18  1:27  Drone  
  19  1:38  Overlord  
  19  1:49  Drone  
  20  1:59  Queen  
  20  2:00  Zergling x2  
  23  2:02  Queen  
  23  2:03  Drone  
  23  2:07  Metabolic Boost  
  26  2:11  Drone  
  26  2:14  Drone  
  28  2:22  Drone  
  29  2:29  Drone  
  30  2:35  Hatchery  
  30  2:36  Drone  
  30  2:39  Zergling x2  
  30  2:43  Overlord  
  31  2:46  Drone  
  32  2:52  Queen  
  32  2:56  Drone  
  35  2:59  Drone  
  35  3:05  Drone  
  37  3:10  Zergling x4  
  37  3:11  Drone x2  
  41  3:14  Overlord  
  41  3:15  Drone x2  
  41  3:17  Drone  
  44  3:31  Spore Crawler, Drone  
  44  3:32  Drone  
  45  3:37  Drone  
  45  3:38  Lair  
  45  3:41  Overlord  
  46  3:44  Drone x2  
  46  3:45  Drone  
  46  3:46  Drone  
  46  3:47  Drone  
  51  3:49  Drone  
  52  3:58  Drone, Extractor  
  52  3:59  Extractor  
  52  4:00  Roach Warren, Drone x2  
  53  4:02  Drone  
  53  4:04  Drone  
  53  4:05  Drone  
  53  4:08  Spore Crawler, Drone x2  
  56  4:12  Drone  
  56  4:14  Overlord  
  56  4:15  Drone  
  58  4:17  Drone  
  58  4:19  Drone  
  58  4:22  Overlord  
  60  4:25  Drone  
  60  4:30  Overlord  
  61  4:32  Extractor  
  59  4:40  Roach x2  
  59  4:41  Glial Reconstitution  
  59  4:43  Roach x2  
  67  4:48  Roach x3  
  67  4:50  Roach x2  
  67  4:51  Roach  
  78  4:54  Roach  
  78  4:56  Roach  
  78  4:59  Roach  
  84  5:02  Roach  
  84  5:03  Overlord  
  86  5:08  Roach  
  86  5:12  Overlord  
  87  5:18  Roach  
  87  5:20  Roach  
  89  5:23  Roach  
  89  5:24  Roach x2  
  89  5:26  Roach  
  89  5:27  Overlord  
  97  5:31  Overlord  
  97  5:34  Roach x4  
  105  5:42  Overlord  
  105  5:46  Overlord  
  105  5:51  Roach  
  105  5:52  Roach x4  
  115  5:57  Roach x2  
  115  6:00  Roach  
  125  6:04  Roach x2  
  125  6:07  Overlord  
  125  6:10  Roach x2  
  123  6:19  Roach x3  
  123  6:22  Roach x2  
  123  6:23  Overseer  
  121  6:26  Roach  
  121  6:29  Roach x2  
  121  6:32  Roach  
  127  6:34  Roach  
  125  6:40  Roach x2  
  125  6:46  Zergling x4  
  119  6:49  Drone  
  119  6:54  Drone x2  
  112  6:55  Zergling x6  
  109  7:02  Zergling x2  
  109  7:03  Zergling x2  
  109  7:07  Roach  
  105  7:14  Roach x2  
  97  7:17  Roach  
  97  7:22  Roach  
  100  7:25  Roach  
  100  7:26  Roach x3  
  107  7:30  Roach  
  107  7:31  Ravager x2  
  107  7:33  Roach  
  107  7:35  Ravager x2  
  105  7:38  Roach  
  107  7:45  Roach x2  
  107  7:46  Roach  
  107  7:48  Roach x5  
  106  7:52  Roach  
  106  7:55  Hatchery  
  106  7:57  Roach x3  
  104  7:59  Drone x2  
  103  8:06  Ravager x2  
  103  8:09  Drone x2  
  103  8:11  Overlord  
  105  8:15  Drone  
  105  8:16  Drone x2  
  105  8:17  Drone x4  
  105  8:18  Hydralisk Den  
  111  8:23  Overlord  
  111  8:25  Overlord  
  111  8:27  Drone  
  110  8:36  Drone x2  
  110  8:37  Drone, Extractor  
  110  8:39  Extractor  
  111  8:42  Overlord  
  111  8:47  Grooved Spines, Hydralisk x2  
  111  8:48  Hydralisk x3  
  121  8:53  Hydralisk x2  
  125  9:00  Hydralisk x2  
  127  9:05  Hydralisk x3  
  127  9:09  Hydralisk  
  133  9:12  Roach  
  133  9:13  Roach  
  133  9:16  Roach x2  
  139  9:20  Roach x2  
  139  9:23  Roach x2  
  139  9:34  Roach x5  
  144  9:41  Hydralisk  
  144  9:42  Hydralisk x2  
  136  9:46  Hydralisk  
  136  9:49  Ravager  
  134  9:54  Roach x3  
  134  9:55  Roach  
  134  9:59  Zergling x6  
  145  10:03  Muscular Augments  
  145  10:06  Hydralisk  
  145  10:13  Roach x3  
  149  10:18  Roach x2  
  149  10:19  Overseer  
  151  10:21  Roach  
  151  10:27  Roach x2  
  137  10:29  Hydralisk  
  137  10:32  Roach  
  131  10:36  Roach x2  
  131  10:37  Roach  
  137  10:43  Roach x3  
  132  10:52  Roach x2  
  132  10:53  Roach x2  
  118  11:01  Spire  
  118  11:02  Drone x2  
  119  11:06  Drone  
  119  11:09  Drone  
  119  11:10  Extractor  
  120  11:12  Drone x2  
  120  11:14  Extractor  
  120  11:15  Drone  
  122  11:18  Drone  
  122  11:21  Drone x3  
  126  11:25  Drone  
  122  12:01  Queen  
  124  12:15  Mutalisk x15  
  146  12:24  Mutalisk  
  146  12:27  Zerg Flyer Weapons Level 1  
  146  12:28  Overlord  
  146  12:29  Hydralisk x2  
  148  12:34  Roach x2  
  154  12:42  Roach x2  
  154  12:43  Roach  
  156  12:46  Roach  
  156  12:56  Roach x4  
  157  13:04  Roach x4  
  162  13:09  Roach x2  
  162  13:13  Hydralisk  
  162  13:19  Roach x2  
  168  13:20  Roach  
  168  13:22  Roach  
  170  13:28  Roach x2  
  170  13:30  Ravager  
  175  13:39  Lurker Den  
  171  13:44  Hydralisk x3  
  175  13:54  Roach x4  
  173  13:58  Roach x3  
  173  14:01  Roach x2  
  174  14:04  Roach  
  165  14:10  Roach  
Tags
 
Add a new tag
Caveats
  • Supply blocks, unpowered buildings, or Contaminate may cause inaccurate times.
  • Supply counts are checked every 10 seconds.